 Dungeon Crawl Stone Soup version 0.30.0-29-ga12c61a403 (webtiles) character file.

Game seed: 12116874181920292052

254 LustLizard the Ruffian (level 5, -8/41 HPs)
             Began as a Demigod Transmuter on June 23, 2023.
             Mangled by Blork the orc
             ... wielding a +0 hand axe
              (12 damage)
             ... on level 4 of the Dungeon.
             The game lasted 00:04:46 (2940 turns).

LustLizard the Ruffian (Demigod Transmuter)         Turns: 2940, Time: 00:04:46

Health: -8/41      AC:  3    Str: 15    XL:     5   Next: 59%
Magic:  10/11      EV: 11    Int: 15    God:
Gold:   135        SH:  0    Dex: 14    Spells: 1/8 levels left

rFire   + .          .
                       - Unarmed
rCold   + . .        (no shield)
rNeg    . . .        i - +0 leather armour
rPois   .            y - melded +2 helmet
rElec   .            v - scarf {rC+ rF+}
rCorr   .            (no gloves)
SInv    .            (boots currently unavailable)
Will    .....        (no amulet)
Stlth   ++           (no ring)
HPRegen 0.26/turn    (no ring)
MPRegen 0.12/turn

%: no passive effects
@: appendages (expiring)
A: horns 2, talons 2, high MP 1, forlorn, divine attributes
a: End Transformation


You were on level 4 of the Dungeon.
You had temporarily grown beastly horns and talons.
You visited 1 branch of the dungeon, and saw 4 of its levels.

You collected 135 gold pieces.

Inventory:

Armour
 h - a +0 cloak
 i - a +0 leather armour (worn)
 v - a scarf of resistance (worn)
 y - a +2 helmet (melded)
Wands
 g - a wand of iceblast (3)
Scrolls
 d - a scroll of magic mapping {unknown}
 j - a scroll of teleportation {unknown}
 l - 2 scrolls of enchant armour {unknown}
 m - a scroll of fear {unknown}
 n - 2 scrolls of blinking {unknown}
 q - a scroll of noise {unknown}
 r - a scroll of immolation {unknown}
 s - a scroll of identify
 u - 2 scrolls of fog
 x - a scroll of acquirement {unknown}
Potions
 a - a potion of curing {unknown}
 b - a potion of lignification
 c - 2 potions of magic
 e - 3 potions of flight
 f - a potion of brilliance {unknown}
 k - a potion of degeneration {unknown}
 o - a potion of mutation {unknown}
 p - a potion of attraction {unknown}
 t - a potion of resistance {unknown}
 w - a potion of heal wounds {unknown}


   Skills:
 + Level 2.0 Fighting
 - Level 1.7 Dodging
 + Level 1.8 Stealth
 * Level 3.9 Unarmed Combat
 + Level 2.4 Spellcasting
 * Level 3.2 Transmutations
 * Level 1.0 Ice Magic


You had one spell level left.
You knew the following spells:

 Your Spells              Type           Power      Damage    Failure   Level
a - Beastly Appendage     Tmut           22%        N/A       7%          1
b - Wereblood             Tmut           11%        N/A       11%         2
c - Ice Form              Ice/Tmut       8%         N/A       71%         4

Your spell library contained the following spells:

 Spells                   Type           Power      Damage    Failure   Level
 Freeze                   Ice            20%        1d4       17%         1
 Summon Small Mammal      Summ           4%         N/A       26%         1
 Spider Form              Tmut/Pois      6%         N/A       38%         3
 Frozen Ramparts          Ice            10%        1d2       45%         3
 Hailstorm                Conj/Ice       3%         3d3       54%         3
 Call Canine Familiar     Summ           1%         N/A       61%         3
 Dazzling Flash           Conj/Hex       2%         N/A       61%         3
 Summon Guardian Golem    Hex/Summ       1%         N/A       61%         3
 Volatile Blastmotes      Fire/Tloc      2%         2d10      61%         3
 Iskenderun's Mystic Bla  Conj/Tloc      1%         2d3       95%         4
 Starburst                Conj/Fire      0%         6d3       100%        6


Dungeon Overview and Level Annotations

Branches:
Dungeon (4/15)
 Temple: D:4-7

Annotations:
D:4 Blork the orc


Innate Abilities, Weirdness & Mutations

You have temporarily grown beastly horns and talons.
You have an increased reservoir of magic. (+10% MP)
You shall have no god before yourself.
Your divine heritage dramatically boosts your attributes as you level up.


Message History

You closely miss the adder. You headbutt the adder!
The adder is severely wounded.
Blork the orc hits you with a +0 hand axe.
The adder barely misses you.
You hit the adder but do no damage. You claw the adder.
You kill the adder!
Blork the orc hits you with a +0 hand axe.
Your Fighting skill increases to level 2!
You hit Blork the orc. You headbutt Blork the orc!
Blork the orc is heavily wounded.
Blork the orc hits you with a +0 hand axe!
* * * LOW HITPOINT WARNING * * *
A white imp comes into view.
You closely miss Blork the orc.
You claw Blork the orc, but do no damage.
You headbutt Blork the orc. Your punch misses Blork the orc.
Blork the orc is severely wounded.
Blork the orc misses you.
Okay, then.
You hit Blork the orc.
Blork the orc is severely wounded.
Blork the orc gestures at you while chanting.
The puff of flame hits you. You resist.
* * * LOW HITPOINT WARNING * * *
An ogre comes into view. It is wielding a +0 giant club.
You hit Blork the orc. Your kick misses Blork the orc.
You headbutt Blork the orc, but do no damage.
Blork the orc is severely wounded.
Blork the orc casts a cantrip, but nothing happens.
Your transformation is almost over.
Blork the orc gestures at you while chanting.
The puff of frost misses you.
The white imp grinds its teeth.
The white imp gestures at you. The puff of frost hits you. You resist.
* * * LOW HITPOINT WARNING * * *
You see here an adder corpse.
There is a stone staircase leading up here.
Blork the orc hits you with a +0 hand axe!
You die...

#.....# #..... ..#.... .
#.#...# #. #.#... ## .###
#.#..### :. ..# #.#...)#
s# #.# #.#†# #. #
#.###.#@# .# ..#
#...O..o####.#..###
########.......5.$)).....#
#..§§§§....#.#######...#.#
#.#####.#.#..# ###
#§#(##.# #.......#
#.#.##.## #.#.#.##


You could see Blork the orc, an ogre and a white imp.

Vanquished Creatures
  A howler monkey (D:4)
  A hound (D:4)
  An orc priest (D:4)
  Terence (D:2)
  5 adders
  4 worms (D:2)
  2 dart slugs
  5 orcs
  4 endoplasms
  6 giant cockroaches
  4 goblins
  8 hobgoblins
  5 kobolds
  2 quokkas
  9 ball pythons
  2 bats
  2 frilled lizards
  7 rats
69 creatures vanquished.

Notes
Turn   | Place    | Note
-------+----------+-------------------------------------------
     0 | D:1      | LustLizard the Demigod Transmuter began the quest for the
                  | Orb.
     0 | D:1      | Reached XP level 1. HP: 15/15 MP: 5/5
    64 | D:1      | Reached skill level 1 in Fighting
   194 | D:1      | Reached XP level 2. HP: 22/23 MP: 5/7
   197 | D:1      | Learned a level 2 spell: Wereblood
   815 | D:2      | Reached XP level 3. HP: 24/28 MP: 6/8
   906 | D:2      | Reached skill level 1 in Stealth
  1012 | D:2      | Noticed Terence
  1024 | D:2      | Killed Terence
  1645 | D:2      | Reached XP level 4. HP: 28/35 MP: 9/9
  2857 | D:4      | Noticed Blork the orc
  2864 | D:4      | Learned a level 4 spell: Ice Form
  2914 | D:4      | Reached XP level 5. HP: 30/41 MP: 8/11
  2926 | D:4      | Reached skill level 1 in Ice Magic
  2936 | D:4      | Noticed an ogre
  2940 | D:4      | Mangled by Blork the orc

Illustrated notes

Levels and vault maps discovered:
D:1:      dpeg_arrival_leaves_temple_mockup, layout_rooms, minivault_14
D:2:      minmay_chambers_of_ones, layout_basic, uniq_terence
D:3:      minmay_recursive_quarters, layout_rooms,
          gammafunk_temple_overflow_elements, basic_ecumenical_altar
D:4:      layout_loops_ring, lemuel_coloured_pillars_altar,
          minmay_manual_monstrance, uniq_blork_the_orc

Skill      XL: |  1  2  3  4  5 |
---------------+----------------+-----
Fighting       | 1 2 |  2.0
Transmutations | 2 3 |  3.2
Unarmed Combat | 3 |  3.9
Spellcasting   | 2 |  2.4
Stealth        | 1 |  1.8
Ice Magic      | 1 |  1.0
Dodging        | |  1.7

Action                     |  1- 3 |  4- 6 || total
---------------------------+-------+-------++-------
  Melee: Unarmed           |   120 |    86 ||   206
         Headbutt          |    17 |    17 ||    34
         Kick              |    30 |    17 ||    47
         Punch             |     3 |     1 ||     4
   Cast: Beastly Appendage |    29 |    14 ||    43
         Wereblood         |     2 |     1 ||     3
    Use: Scroll            |       |     4 ||     4
   Stab: Sleeping          |     4 |     2 ||     6
 Armour: Robe              |    13 |       ||    13
         Leather armour    |     7 |    22 ||    29
  Dodge: Dodged            |    64 |    43 ||   107
